 Dungeon Crawl Stone Soup version 0.31-a0-564-g3b7de120b3 (webtiles) character file.

Game seed: 18184617156850253388

87 mobinator the Firebug (level 4, 0/33 HPs)
             Began as a Demigod Fire Elementalist on Aug 17, 2023.
             Killed from afar by Natasha (5 damage)
             ... with a magic dart
             ... on level 3 of the Dungeon.
             The game lasted 00:12:03 (2345 turns).

mobinator the Firebug (Demigod Fire Elementalist)   Turns: 2345, Time: 00:12:03

Health: 0/33       AC:  4    Str:  9    XL:     4   Next: 7%
Magic:  0/10       EV: 12    Int: 21    God:
Gold:   76         SH:  0    Dex: 14    Spells: 4/7 levels left

rFire   . . .        o - +0 quarterstaff
rCold   . . .        (shield currently unavailable)
rNeg    . . .        a - +0 robe
rPois   .            k - +0 helmet "Beckaw" {Rampage}
rElec   .            d - +0 cloak
rCorr   .            (no gloves)
SInv    .            (no boots)
Will    .....        h - amulet of guardian spirit
Stlth   ++           (no ring)
HPRegen 0.25/turn    (no ring)
MPRegen 0.12/turn

%: guardian spirit, rampage
@: slowed, very slow
A: high MP 1, forlorn, divine attributes
a: no special abilities


You were on level 3 of the Dungeon.
You visited 1 branch of the dungeon, and saw 3 of its levels.

You collected 76 gold pieces.

Inventory:

Hand Weapons
 o - a +0 quarterstaff (weapon)
Armour
 a - a +0 robe (worn)
 d - a +0 cloak (worn)
 k - the +0 helmet "Beckaw" (worn) {Rampage}
   (You found it on level 2 of the Dungeon)

   Rampage:   It bestows one free step when moving towards enemies.
Jewellery
 h - an amulet of guardian spirit (around neck)
Scrolls
 f - 2 scrolls of identify
 g - a scroll of amnesia {unknown}
 l - 2 scrolls of brand weapon {unknown}
 m - a scroll of fog {unknown}
 n - a scroll of enchant armour {unknown}
 q - a scroll of acquirement {unknown}
Potions
 b - a potion of magic
 c - 2 potions of heal wounds
 e - a potion of berserk rage {unknown}
 i - a potion of enlightenment {unknown}
 j - a potion of curing {unknown}
 p - a potion of haste {unknown}


   Skills:
 + Level 2.5 Dodging
 - Level 2.0 Stealth
 + Level 2.4 Spellcasting
 + Level 1.9 Conjurations
 + Level 3.2 Fire Magic


You had 4 spell levels left.
You knew the following spells:

 Your Spells              Type           Power      Damage    Failure   Level
a - Foxfire               Conj/Fire      52%        2x1d6     4%          1
b - Scorch                Fire           32%        2d6       5%          2

Your spell library contained the following spells:

 Spells                   Type           Power      Damage    Failure   Level
 Slow                     Hex            8%         N/A       14%         1
 Summon Small Mammal      Summ           8%         N/A       14%         1
 Inner Flame              Hex/Fire       9%         N/A       22%         3
 Volatile Blastmotes      Fire/Tloc      18%        2d11      22%         3
 Dazzling Flash           Conj/Hex       12%        N/A       28%         3
 Call Canine Familiar     Summ           2%         N/A       38%         3
 Confusing Touch          Hex            2%         N/A       38%         3
 Frozen Ramparts          Ice            4%         1d1       38%         3
 Summon Guardian Golem    Hex/Summ       2%         N/A       38%         3
 Vampiric Draining        Necr           2%         2d6       38%         3
 Flame Wave               Conj/Fire      13%        2d6       43%         4
 Petrify                  Tmut/Erth      2%         N/A       80%         4
 Agony                    Necr           2%         N/A       98%         5
 Metabolic Englaciation   Hex/Ice        1%         N/A       98%         5
 Silence                  Hex/Air        1%         N/A       98%         5


Dungeon Overview and Level Annotations

Branches:
Dungeon (3/15)

Shops:
D:2 (

Annotations:
D:3 Natasha


Innate Abilities, Weirdness & Mutations

You have an increased reservoir of magic. (+10% MP)
You shall have no god before yourself.
Your divine heritage dramatically boosts your attributes as you level up.


Message History

Natasha stares at you and mumbles some strange words.
The magic dart hits you.
Casting: Foxfire (safe; 4% risk of failure)
Confirm with . or Enter, or press ? or * to list all spells.
You don't have enough magic to cast this spell.
The cerulean imp barely misses you.
Natasha howls an incantation.
You feel troubled.
The cerulean imp hits you from afar with a +1 spear.
Natasha closely misses you.
Your magical contamination has completely faded away.
As you read the scroll labelled EXULIS ZERGH, it crumbles to dust.
It is a scroll of identify.
c - 2 potions of heal wounds Natasha claws you.
The cerulean imp hits you from afar with a +1 spear.
Natasha casts a spell.
The cerulean imp hits you from afar with a +1 spear.
* * * LOW HITPOINT WARNING * * *
Natasha claws you.
* * * LOW HITPOINT WARNING * * *
Natasha attacks as you move away! Natasha claws you but does no damage.
The cerulean imp closely misses you.
The cerulean imp hits you but does no damage.
Found a scroll of identify and 11 gold pieces.
The cerulean imp hits you but does no damage.
Casting: Foxfire (safe; 4% risk of failure)
Confirm with . or Enter, or press ? or * to list all spells.
You conjure some foxfire!
The cerulean imp misses you.
The cerulean imp disappears in a puff of smoke!
The foxfire hits the cerulean imp.
The cerulean imp is lightly wounded.
The foxfire hits the cerulean imp.
The cerulean imp is moderately wounded.
Found a stone staircase leading down.
The cerulean imp completely misses you.
Natasha mumbles some strange words.
The cerulean imp closely misses you.
Natasha stares at you and mumbles some strange words.
The magic dart hits you.
You die...

.# $# ##.## ##...#
#.?..# #########
#....###
#.......#####......#
#.#####.#..5h..###
..#####.#.###5..@#
............#..#.....>..
..#####.#.#.#..###.####.
#.#####.#.#5#..###.#
#.......#.....^....#
##########<.....####
#.....#.# #.....#.#
#.......#


You could see Natasha and 2 cerulean imps.

Vanquished Creatures
  Natasha (D:3)
  2 adders (D:2)
  A worm (D:2)
  3 dart slugs (D:1)
  4 endoplasms
  A giant cockroach (D:2)
  2 goblins (D:1)
  A hobgoblin (D:2)
  3 jackals (D:2)
  5 ball pythons
  2 bats (D:1)
  4 frilled lizards (D:2)
  4 kobolds
  5 rats
38 creatures vanquished.

Vanquished Creatures (others)
  89 foxfires
89 creatures vanquished.

Grand Total: 127 creatures vanquished

Notes
Turn   | Place    | Note
-------+----------+-------------------------------------------
     0 | D:1      | mobinator the Demigod Fire Elementalist began the quest for
                  | the Orb.
     0 | D:1      | Reached XP level 1. HP: 14/14 MP: 5/5
    57 | D:1      | Reached skill level 1 in Conjurations
   334 | D:1      | Reached XP level 2. HP: 20/20 MP: 5/7
   509 | D:1      | Learned a level 2 spell: Scorch
  1066 | D:2      | Identified the +0 helmet "Beckaw" {Rampage}
  1164 | D:2      | Reached skill level 3 in Fire Magic
  1341 | D:2      | Found Puenadgh's Weapon Shop.
  1543 | D:2      | Reached XP level 3. HP: 26/26 MP: 6/8
  2295 | D:3      | Noticed Natasha
  2304 | D:3      | Killed Natasha
  2305 | D:3      | Reached XP level 4. HP: 26/33 MP: 3/10
  2317 | D:3      | Noticed Natasha
  2345 | D:3      | Killed from afar by Natasha

Illustrated notes

Levels and vault maps discovered:
D:1:      grunt_arrival_crossed_arrows, layout_loops_ring, grunt_decor_cap,
          st_stairs_9, minmay_misc_feat_secret_circle,
          kennysheep_decorative_pillar, hangedman_feature_mirror,
          kennysheep_nondescript, minmay_pentomino_r4
D:2:      layout_loops_corners, serial_shops, nicolae_shop_trees, basic_altar
D:3:      layout_loops_cross, lemuel_round_altar, marbit_many_paths,
          vehumet_altar_wand_db, jmf_multi_god_temple2, uniq_natasha

Skill      XL: |  1  2 |
---------------+-------+-----
Conjurations   | 1 |  1.9
Stealth        | 2 |  2.0
Dodging        | 2 |  2.5
Spellcasting   | 2 |  2.4
Fire Magic     | 3 |  3.2

Action                     |  1- 3 |  4- 6 || total
---------------------------+-------+-------++-------
  Melee: Unarmed           |     3 |       ||     3
   Cast: Foxfire           |    52 |     3 ||    55
         Scorch            |    16 |     1 ||    17
    Use: Scroll            |       |     1 ||     1
 Armour: Robe              |     5 |     5 ||    10
  Dodge: Dodged            |    27 |     7 ||    34

Table legend: (Time is in decaauts)
 A = Elapsed time spent in this place.
 B = Non-inter-level travel time spent in this place.
 C = Inter-level travel time spent in this place.
 D = Time resting spent in this place.
 E = Time spent auto-exploring this place.
 F = Levels seen in this place.
 G = Mean time per level.
                   A        B        C        D        E       F      G
               +--------+--------+--------+--------+--------+-----+--------+
         Total |   2350 |   2267 |     83 |     91 |   1688 |   3 |  783.3 |
       Dungeon |   2350 |   2267 |     83 |     91 |   1688 |   3 |  783.3 |
               +--------+--------+--------+--------+--------+-----+--------+

Top non-repeatable levels by time:
     D:2: 1226 daAuts
     D:1: 1048 daAuts
     D:3: 76 daAuts
